 Dungeon Crawl Stone Soup version 0.20-a0-1089-g3fde505 (console) character file.

20490 nht the Grappler (level 12, -4/115 HPs)
             Began as a Troll Berserker on May 2, 2017.
             Was an Elder of Trog.
             Slain by an orc warrior
             ... wielding a +0 scimitar
              (16 damage)
             ... on level 2 of the Orcish Mines.
             The game lasted 00:19:41 (9735 turns).

nht the Grappler (Troll Berserker)                  Turns: 9735, Time: 00:19:42

Health: -4/115     AC:  6    Str: 34    XL:     12   Next: 45%
Magic:  11/11      EV: 13    Int:  5    God:    Trog [****..]
Gold:   1276       SH:  0    Dex:  9    Spells: 11/11 levels left

rFire    . . .     SeeInvis .     - Unarmed
rCold    . . .     Gourm    +   (no shield)
rNeg     . . .     Faith    .   a - +0 animal skin
rPois    .         Spirit   .   (helmet restricted)
rElec    .         Reflect  .   J - +0 cloak
rCorr    .         Harm     .   (gloves unavailable)
MR       .....                  (boots unavailable)
Stlth    +.........             (no amulet)
Regen    0.7/turn               h - +3 ring of evasion
MPRegen  0.2/turn               y - +4 ring of strength

@: very slightly contaminated
A: unfitting armour, claws 3, fast metabolism 3, gourmand, regeneration 1,
shaggy fur 1, tough skin 2
a: Berserk, Trog's Hand, Brothers in Arms, Burn Spellbooks, Renounce Religion


You were on level 2 of the Orcish Mines.
You worshipped Trog.
Trog was greatly pleased with you.
You were full.

You visited 2 branches of the dungeon, and saw 13 of its levels.

You collected 1276 gold pieces.

Inventory:

Hand Weapons
 g - a +1 blowgun
Missiles
 c - 5 large rocks
 m - 8 curare-tipped needles
 o - 76 poisoned needles
 t - 7 tomahawks (quivered)
 w - a throwing net
 B - 8 needles of sleeping
 C - 2 exploding tomahawks
 I - 7 needles of confusion
 L - 8 needles of frenzy
 N - 3 javelins of returning
Armour
 a - a +0 animal skin (worn)
 J - a +0 cloak (worn)
Jewellery
 h - a +3 ring of evasion (left claw)
 j - an uncursed ring of fire
 y - a +4 ring of strength (right claw)
Wands
 x - a wand of paralysis (3/24)
 z - a wand of paralysis (16/24)
 G - a wand of acid (0/15)
Scrolls
 d - 4 scrolls of magic mapping
 e - a scroll of remove curse
 p - 5 scrolls of fog
 s - a scroll of teleportation
 A - a scroll of enchant weapon
Potions
 i - 2 potions of magic
 l - a potion of might
 q - 6 potions of curing
 r - 3 potions of berserk rage
 u - 3 potions of ambrosia
 v - a potion of haste
 H - a potion of cancellation
 K - a potion of resistance
 M - a potion of heal wounds
Comestibles
 b - 11 bread rations
 f - 3 royal jellies
 k - 5 chunks of flesh
 n - 4 meat rations
 D - 3 fruits


   Skills:
 + Level 6.8 Fighting
 + Level 11.4 Throwing
 + Level 6.2 Armour
 - Level 2.4 Dodging
 + Level 13.0 Unarmed Combat


You had 11 spell levels left.
You didn't know any spells.

Dungeon Overview and Level Annotations

Branches:
Dungeon (11/15)            Temple (0/1) D:6            Lair (0/6) D:11
    Orc (2/2) D:11            Elf (0/3) Orc:2

Altars:
Ashenzari
Cheibriados
Dithmenos
Elyvilon
Fedhas
Makhleb
Nemelex Xobeh
Okawaru
Qazlal
Ru
Sif Muna
Uskayaw
Vehumet
Xom
The Shining One
Lugonu

Shops:
D:6 =   D:7 [   D:10 (   Orc:2 !

Annotations:
Orc:1 2 runed doors, statue, exclusion: orange crystal statue


Innate Abilities, Weirdness & Mutations

You are too large for most types of armour.
You have claws for hands.
Your metabolism is lightning-fast.
You like to eat raw meat.
Your natural rate of healing is unusually fast.
You are covered in fur. (AC +1)
You have very tough skin. (AC +2)


Message History

The orc warrior misses you.
The orc warrior hits you from afar with a trident!!
* * * LOW HITPOINT WARNING * * *
Evoke which item? (* to show all) (? for menu, Esc to quit)
Aiming: Paralyse (will waste charges)
Press: ? - help, Shift-Dir - straight line, f/p - orc wizard
Aim: an orc wizard, wielding a dagger and wearing a robe (paralysed, chance to defeat MR: 46%)
The orc warrior resists with some effort.
Evoking this partially-identified wand wasted a few charges.
The orc warrior closely misses you.
You fail to use your ability.
The orc warrior closely misses you.
The orc warrior hits you from afar with a trident.
* * * LOW HITPOINT WARNING * * *
You fail to use your ability.
You feel yourself speed up.
The orc warrior hits you with a scimitar.
* * * LOW HITPOINT WARNING * * *
The orc warrior closely misses you.
The orc warrior hits you with a scimitar!
You die...

.█...███..█ .██.█...██...
......█....█ ..██..........
.....█.....█ .........█...█
...........█ ..........█...
..........██ ███.███.......
...........██ ██████........
.........)..█ ██.██..........
...........██ ████..............
......(..)..████@█...............
.o..))....[).ooo.[[.......█......
....(....).....o.█)....█.██......
.........).(.)..██......██.......
.........).)██...█...............
.............██.██....█.██.......
...███..███...███....██..........
..███....███..██.█..██...........
..██......█ ..█..................


You could see 2 orc warriors, an orc wizard (paralysed) and an orc.

Vanquished Creatures
  Erolcha (D:10)
  3 death yaks (D:11)
  4 ogre magi (Orc:2)
  7 two-headed ogres
  A manticore (D:11)
  An orange demon (D:11)
  2 gargoyles
  2 red devils (D:11)
  2 hippogriffs
  A spriggan (D:7)
  5 wraiths (D:8)
  3 hungry ghosts
  A warg (Orc:2)
  Menkaure (D:5)
  A soldier ant (D:11)
  A water moccasin (D:8)
  2 porcupines (D:11)
  2 sky beasts (D:5)
  2 ice beasts
  6 orc warriors
  2 black bears (D:11)
  A necrophage (D:7)
  3 phantoms
  22 ogres
  5 centaurs
  2 bullfrogs
  2 wyvern skeletons (D:10)
  A water moccasin zombie (D:6)
  9 killer bees
  5 wights (D:11)
  2 howler monkeys (D:10)
  3 crimson imps
  2 bullfrog zombies
  A jelly (D:7)
  A centaur zombie (D:9)
  Crazy Yiuf (D:7)
  2 bullfrog skeletons
  A centaur skeleton (D:6)
  8 orc priests
  3 hounds
  19 orc wizards
  3 iguanas
  Terence (D:2)
  A hell rat (D:11)
  6 worker ants
  2 hound skeletons
  Robin (D:2)
  A worker ant zombie (D:5)
  4 gnolls (D:10)
  10 adders
  A howler monkey skeleton (D:9)
  A shadow imp (D:10)
  2 oozes
  An adder zombie (D:7)
  2 worms
  4 dart slugs
  2 leopard geckos
  27 orcs
  3 giant cockroaches (D:2)
  18 hobgoblins
  4 jackals (D:1)
  6 quokkas
  2 ball pythons
  5 bats
  9 frilled lizards
  11 goblins
  6 kobolds
  A quokka zombie (D:10)
  6 rats
283 creatures vanquished.

Vanquished Creatures (collateral kills)
  A two-headed ogre (Orc:2)
  A cyclops (D:11)
  A troll (Orc:2)
  2 ogres (Orc:2)
  A killer bee (D:11)
  3 orcs (Orc:2)
9 creatures vanquished.

Grand Total: 292 creatures vanquished

Notes
Turn   | Place    | Note
-------+----------+-------------------------------------------
     0 | D:1      | nht the Troll Berserker began the quest for the Orb.
     0 | D:1      | Reached XP level 1. HP: 22/22 MP: 0/0
   129 | D:1      | Found a glowing golden altar of the Shining One.
   199 | D:1      | Reached XP level 2. HP: 27/29 MP: 1/1
   306 | D:1      | Reached skill level 4 in Unarmed Combat
   391 | D:1      | Reached XP level 3. HP: 36/36 MP: 2/2
   552 | D:2      | Found a shadowy altar of Dithmenos.
   645 | D:2      | Noticed Terence
   651 | D:2      | Killed Terence
   651 | D:2      | Reached XP level 4. HP: 44/44 MP: 3/3
   675 | D:2      | Reached skill level 5 in Unarmed Combat
   694 | D:2      | Found a blossoming altar of Fedhas.
   922 | D:2      | Reached ** piety under Trog
   959 | D:2      | Noticed Robin
   996 | D:2      | Killed Robin
   996 | D:2      | Reached skill level 1 in Throwing
  1594 | D:3      | Reached XP level 5. HP: 45/50 MP: 4/4
  1813 | D:3      | Reached *** piety under Trog
  1860 | D:3      | Found a burning altar of Makhleb.
  1860 | D:3      | Found a shimmering altar of Xom.
  2202 | D:4      | Reached XP level 6. HP: 49/59 MP: 5/5
  2410 | D:4      | Noticed a hungry ghost
  2422 | D:4      | Killed a hungry ghost
  2422 | D:4      | Reached skill level 6 in Unarmed Combat
  2874 | D:5      | Entered Level 5 of the Dungeon
  2879 | D:5      | Found an iron altar of Okawaru.
  2908 | D:5      | Noticed a sky beast
  2929 | D:5      | Killed a sky beast
  2929 | D:5      | Reached XP level 7. HP: 58/66 MP: 6/6
  3094 | D:5      | Noticed Menkaure
  3101 | D:5      | Killed Menkaure
  3101 | D:5      | Reached skill level 7 in Unarmed Combat
  3154 | D:5      | Found a sparkling altar of Nemelex Xobeh.
  3638 | D:5      | Reached skill level 5 in Throwing
  3764 | D:6      | Found a snail-covered altar of Cheibriados.
  3806 | D:6      | Reached XP level 8. HP: 70/74 MP: 7/7
  3850 | D:6      | Found a deep blue altar of Sif Muna.
  3970 | D:6      | Found Acser's Jewellery Shoppe.
  4072 | D:6      | Found a staircase to the Ecumenical Temple.
  4254 | D:6      | Found a white marble altar of Elyvilon.
  4254 | D:6      | Found a shattered altar of Ashenzari.
  4329 | D:7      | Reached skill level 8 in Unarmed Combat
  4347 | D:7      | Found Kaskovint's Armour Boutique.
  4459 | D:7      | Found a sacrificial altar of Ru.
  4463 | D:7      | Reached **** piety under Trog
  4468 | D:7      | Received a gift from Trog
  4534 | D:7      | Found a stormy altar of Qazlal.
  4534 | D:7      | Found a hide-covered altar of Uskayaw.
  4535 | D:7      | Found an iron altar of Okawaru.
  4778 | D:7      | Found a runed door.
  4907 | D:7      | Reached skill level 9 in Unarmed Combat
  4946 | D:7      | Reached XP level 9. HP: 42/80 MP: 8/8
  5037 | D:7      | Noticed Crazy Yiuf
  5040 | D:7      | Killed Crazy Yiuf
  5222 | D:8      | Noticed a two-headed ogre
  5227 | D:8      | Killed a two-headed ogre
  5227 | D:8      | Reached skill level 10 in Unarmed Combat
  5614 | D:8      | Reached XP level 10. HP: 88/88 MP: 9/9
  5908 | D:9      | Reached skill level 11 in Unarmed Combat
  6257 | D:10     | Entered Level 10 of the Dungeon
  6664 | D:10     | Noticed a gargoyle
  6669 | D:10     | Killed a gargoyle
  6669 | D:10     | Reached skill level 1 in Armour
  6836 | D:10     | Found Hure's Antique Weapon Shoppe.
  6849 | D:10     | Noticed a two-headed ogre
  6854 | D:10     | Killed a two-headed ogre
  7012 | D:10     | Noticed Erolcha
  7018 | D:10     | Killed Erolcha
  7018 | D:10     | Received a gift from Trog
  7195 | D:11     | Noticed a death yak
  7195 | D:11     | Noticed a cyclops
  7198 | D:11     | Noticed a death yak
  7357 | D:11     | Found a staircase to the Orcish Mines.
  7359 | D:11     | Noticed a manticore
  7368 | D:11     | Killed a manticore
  7368 | D:11     | Reached skill level 10 in Throwing
  7368 | D:11     | Reached XP level 11. HP: 100/100 MP: 10/10
  7370 | D:11     | Noticed a death yak
  7376 | D:11     | Found a staircase to the Lair.
  7389 | D:11     | Killed a death yak
  7393 | D:11     | Killed a death yak
  7402 | D:11     | Killed a death yak
  7402 | D:11     | Reached skill level 12 in Unarmed Combat
  7451 | D:11     | Reached skill level 5 in Fighting
  7756 | D:11     | Found a corrupted altar of Lugonu.
  7975 | D:11     | Received a gift from Trog
  8259 | Orc:1    | Entered Level 1 of the Orcish Mines
  8290 | Orc:1    | Reached ***** piety under Trog
  8381 | Orc:1    | Found a radiant altar of Vehumet.
  8590 | Orc:2    | Entered Level 2 of the Orcish Mines
  8693 | Orc:2    | Found a staircase to the Elven Halls.
  8727 | Orc:1    | Found a runed door.
  8737 | Orc:1    | Noticed an orange crystal statue
  8762 | Orc:1    | Found a runed door.
  8970 | Orc:2    | Found Ruetziwn's Distillery.
  9012 | Orc:2    | Noticed a two-headed ogre
  9014 | Orc:2    | Noticed a two-headed ogre
  9024 | Orc:2    | Killed a two-headed ogre
  9028 | Orc:2    | Noticed an ogre mage
  9051 | Orc:1    | Killed a two-headed ogre
  9051 | Orc:1    | Reached skill level 5 in Armour
  9345 | Orc:2    | Killed an ogre mage
  9392 | Orc:2    | Noticed a two-headed ogre
  9397 | Orc:2    | Killed a two-headed ogre
  9397 | Orc:2    | Reached XP level 12. HP: 114/114 MP: 11/11
  9404 | Orc:2    | Noticed an ogre mage
  9414 | Orc:2    | Noticed a two-headed ogre
  9423 | Orc:2    | Killed an ogre mage
  9428 | Orc:2    | Killed a two-headed ogre
  9592 | Orc:2    | Noticed an ogre mage
  9610 | Orc:2    | Killed an ogre mage
  9619 | Orc:2    | Noticed a two-headed ogre
  9623 | Orc:2    | Killed a two-headed ogre
  9687 | Orc:2    | Noticed a two-headed ogre
  9691 | Orc:2    | Noticed an ogre mage
  9694 | Orc:2    | Killed a two-headed ogre
  9694 | Orc:2    | Reached skill level 13 in Unarmed Combat
  9701 | Orc:2    | Killed an ogre mage
  9705 | Orc:2    | Received a gift from Trog
  9735 | Orc:2    | Slain by an orc warrior

Vault maps used:
D:1:      dpeg_arrival_tiny_a, tso_altar
D:2:      lemuel_doored_altar, nicolae_overflow_crystal_walls,
          kennysheep_generic_room_3, uniq_robin, uniq_terence
D:3:      grunt_temple_overflow_champion_of_chaos, first_bread,
          kennysheep_generic_room_9
D:4:      serial_glass, glass_columns_a, glass_columns_a,
          minmay_strange_pillars, feat_on_display, minmay_strange_pillars,
          item_on_display_a, roderic_serpentine_path,
          kennysheep_opposing_triangles
D:5:      lemuel_round_altar, okawaru_trees_1, uniq_menkaure
D:6:      gammafunk_temple_overflow_pools, lemuel_blue_sif_altar,
          cheibriados_altar_1, minmay_temple_entry_enclosed_plants,
          serial_shops, nicolae_shop_competitors_out_of_business, minivault_25
D:7:      nicolae_ru_great_annihilating_truth, gammafunk_temple_overflow_claw,
          serial_shops, nicolae_shop_crystal, the_bakery, dk_noncrumbling_4,
          uniq_crazy_yiuf_cottage
D:8:      minmay_guarded_unrand_finisher
D:10:     serial_shops, shop, moated_statue, uniq_erolcha
D:11:     dpeg_lair_monsters, orc_0_dummy, lemuel_hellish_altar
Orc:1:    basic_altar, chequers_guarded_unrand_ignorance
Orc:2:    st_orc_ogre_mass, serial_shops, shop, uniq_sonja

Skill      XL: |  1  2  3  4  5  6  7  8  9 10 11 12 |
---------------+-------------------------------------+-----
Unarmed Combat | 4 5 6 7 9 10 11 12 13 | 13.0
Throwing       | 1 2 4 5 7 9 10 11 | 11.4
Armour         | 3 5 6 |  6.2
Fighting       | 4 6 |  6.8
Dodging        | |  2.4

Action                   |  1- 3 |  4- 6 |  7- 9 | 10-12 || total
-------------------------+-------+-------+-------+-------++-------
Melee: Unarmed           |    79 |   194 |   201 |   297 ||   771
       Punch             |     2 |     3 |     7 |    15 ||    27
Throw: Tomahawk          |       |       |    10 |    66 ||    76
       Large rock        |       |       |       |    10 ||    10
       Throwing net      |       |       |       |     1 ||     1
Invok: Berserk           |       |       |     3 |     7 ||    10
       Burn Spellbooks   |       |       |     1 |     1 ||     2
       Brothers in Arms  |       |       |       |     5 ||     5
       Trog's Hand       |       |       |       |     4 ||     4
Evoke: Wand              |       |       |    14 |    48 ||    62
  Use: Scroll            |       |     5 |    12 |     9 ||    26
 Stab: Paralysed         |       |       |       |     3 ||     3
       Confused          |       |       |       |     1 ||     1
  Eat: Chunk             |    11 |    20 |    30 |    44 ||   105
       Bread ration      |       |       |     1 |       ||     1
Armor: Animal skin       |    38 |    41 |    32 |    47 ||   158
Dodge: Dodged            |    40 |   119 |    94 |   180 ||   433
